cohdb
Replays
Latest Replays
All Replays
Popular Replays
Top Player Replays
Match Explorer
How It Works
Community
CoH3 Stats
Reddit
Sign in to upload your games and track your stats! →
Sign in with Steam
Match 42083307
Unlisted
Match 42083307
Overview
Messages
Build Orders
End
Construct Section Command Post
Royal Engineer Section
Infantry Section
Selects Indian Artillery Battlegroup
Infantry Section
Infantry Section
Infantry Section
Selects War Cry
Selects Gurkha Rifles Section
Construct Platoon Command Post
Infantry Training
Unlock Bishop Self-propelled Artillery
Gurkha Rifles Section
Bishop Self-propelled Artillery
DibbeTC
Mad Mac
c2h5oh_engine
azot721
0
0
Comments
sign in to comment!
No comments posted yet!